Map: Catalyst LE

Players

Zema

  • Race: Terran Terran
  • League: Platinum
  • Spawn Location: 11:00

eKs - Winner!

  • Race: Zerg Zerg
  • League: Gold
  • Spawn Location: 5:00

VOD

Have the link to the VOD?

Description

thought i played this one pretty well

Time

  • Played on: Nov. 24, 2017, 5:33 p.m.
  • Length: 5:37
Show
View Real Time Build Order
Export as new Build Order

Zema Terran 

Build Orders: Cyclone Opening 

Get SALT Encoding   

  12  0:01  SCV  
  13  0:14  SCV  
  14  0:23  Supply Depot  
  14  0:27  Refinery  
  14  0:30  SCV  
  15  0:50  Barracks  
  15  0:55  Refinery  
  15  0:56  SCV  
  16  1:05  Supply Depot  
  16  1:11  SCV  
  17  1:35  SCV  
  18  1:47  Factory  
  18  1:48  SCV  
  19  1:58  Barracks Reactor  
  19  2:11  Orbital Command  
  19  2:22  Supply Depot  
  19  2:39  Starport  
  19  2:56  Cyclone  
  22  3:01  Liberator, Marine  
  22  3:04  SCV  
  24  3:16  SCV  
  28  3:24  Cyclone  
  31  3:41  Marine  
  23  5:08  Bunker  
  29  5:15  Marine  
Show
View Real Time Build Order
Export as new Build Order

eKs Zerg - Winner!

Build Orders: Hatch First 

Get SALT Encoding   

  12  0:01  Drone  
  13  0:12  Overlord  
  13  0:17  Drone  
  14  0:31  Drone x2  
  14  0:35  Drone  
  17  0:55  Hatchery  
  16  0:57  Drone  
  16  1:00  Drone  
  18  1:11  Extractor  
  18  1:15  Spawning Pool  
  16  1:19  Drone  
  17  1:33  Drone  
  18  1:45  Hatchery  
  17  1:49  Drone  
  17  1:54  Drone  
  19  2:04  Zergling x4  
  21  2:09  Overlord  
  21  2:19  Drone  
  21  2:20  Drone  
  23  2:25  Drone  
  24  2:33  Queen  
  26  2:38  Drone x2  
  26  2:41  Drone  
  29  2:48  Queen  
  31  2:53  Drone  
  31  2:58  Overlord  
  32  3:03  Drone x2  
  32  3:05  Drone  
  35  3:14  Metabolic Boost  
  35  3:18  Drone x4  
  39  3:29  Zergling x4  
  41  3:35  Lair  
  41  3:37  Drone  
  41  3:38  Drone x3  
  45  3:42  Overlord  
  45  3:58  Queen  
  45  4:00  Drone x3  
  50  4:03  Drone x5  
  50  4:06  Overlord  
  50  4:09  Overlord  
  55  4:23  Spore Crawler x2  
  53  4:24  Drone x5  
  53  4:27  Spore Crawler  
  56  4:31  Extractor  
  56  4:36  Zergling x6  
  56  4:37  Zergling x6  
  49  4:53  Zergling x8  
  42  5:09  Zergling x8  
  46  5:17  Drone x3  
Tags
 
Add a new tag
Caveats
  • Supply blocks, unpowered buildings, or Contaminate may cause inaccurate times.
  • Supply counts are checked every 10 seconds.